 Dungeon Crawl Stone Soup version 0.13.0-26-gf7ffa3a (webtiles) character file.

297 Psiweapon the Ruffian (level 4, -12/44 HPs)
             Began as a Troll Monk on Nov 1, 2013.
             Mangled by an ogre
             ... wielding a +0,+0 giant club
              (18 damage)
             ... on Level 4 of the Dungeon.
             The game lasted 00:07:44 (2317 turns).

Psiweapon the Ruffian (Troll Monk)                  Turns: 2317, Time: 00:07:44

HP -12/44        AC  5     Str 20      XL: 4   Next: 93%
MP   1/1         EV 11     Int  6      God:
Gold 164         SH  0     Dex 12      Spells:  0 memorised,  3 levels left

Res.Fire  : . . .   See Invis. : .     - Unarmed
Res.Cold  : . . .   Warding    : .   a - +0 robe
Life Prot.: . . .   Conserve   : .   (shield restricted)
Res.Poison: .       Res.Corr.  : .   (helmet restricted)
Res.Elec. : .       Clarity    : .   (no cloak)
Sust.Abil.: . .     Spirit.Shd : .   (gloves unavailable)
Res.Mut.  : .       Stasis     : .   (boots unavailable)
Res.Rott. : .       Flight     : .   (no amulet)
Gourmand  : +                        q - ring of sustenance
                                     j - ring of sustenance

@: mildly poisoned, slightly resistant to hostile enchantments, unstealthy
A: unfitting armour, claws 3, fast metabolism 3, gourmand, regeneration 2,
saprovore 2, tough skin 2, AC +1
a: no special abilities


You were on level 4 of the Dungeon.
You were very full.

You visited 1 branch of the dungeon, and saw 4 of its levels.

You collected 164 gold pieces.

Inventory:

Hand weapons
 i - a +4,+3 elven whip
Armour
 a - a +0 robe (worn)
Magical devices
 v - a wand of paralysis (19) {unknown}
Comestibles
 b - 2 meat rations
 f - an apple
 m - 12 sultanas
 p - 2 bread rations
Scrolls
 c - a scroll of random uselessness
 e - a scroll of magic mapping {unknown}
 k - 4 scrolls of teleportation
 l - 2 scrolls of fog
 r - 2 scrolls of recharging {unknown}
 s - a scroll of blinking
 u - 2 scrolls of identify {unknown}
 w - 2 scrolls of curse armour {unknown}
Jewellery
 j - a ring of sustenance (left claw)
 q - a ring of sustenance (right claw)
Potions
 d - 3 potions of curing {unknown}
 g - a potion of slowing {unknown}
 h - a potion of heal wounds {unknown}
 n - a potion of agility {unknown}
 o - a potion of speed {unknown}
 t - 2 potions of brilliance {unknown}
 x - a potion of might {unknown}


   Skills:
 + Level 3.0 Fighting
 + Level 3.3 Dodging
 + Level 1.7 Stealth
 + Level 4.7 Unarmed Combat


You had 3 spell levels left.
You didn't know any spells.

Dungeon Overview and Level Annotations

Branches:
Dungeon (4/27)
 Temple: D:4-7

Altars:
the Shining One


Innate Abilities, Weirdness & Mutations

You are too large for most types of armour.
You have claws for hands.
Your metabolism is lightning-fast.
You like to eat raw meat.
You heal very quickly.
You can eat rotten meat.
You are covered in fur (AC +1).
You have very tough skin (AC +2).


Message History

You hit the worker ant.
The worker ant is almost dead.
You feel sick. The worker ant barely misses you.
You claw the worker ant!
You kill the worker ant!
Your Fighting skill increases to level 3!
The ogre hits you with a giant club!
Ouch! That really hurt!
* * * LOW HITPOINT WARNING * * *
You see here a worker ant corpse.
You hit the ogre but do no damage. You claw the ogre!
The ogre begins to bleed from its wounds!
The ogre is moderately wounded.
The ogre hits you with a giant club.
* * * LOW HITPOINT WARNING * * *
You claw the ogre!
The ogre is severely wounded.
The ogre hits you with a giant club!
You die...

### #.. #.# #. #.# . #.
#.# ..# #.#######.#
#####...# ###......##.##
#.......#
.........#...###.#.....#
#...)......#....@O.#
.#......#...###...#
#......##.## #...#
##<###.##.# #...# #.#
#.##.# #..$# ... ...#..
..... #.......### #..###
#........ ....
.......... ...


You could see an ogre (bleeding).

Vanquished Creatures
  A worker ant (D:4)
  4 adders
  2 worms (D:3)
  An ooze (D:3)
  6 orcs (D:3)
  10 bats
  6 hobgoblins
  A quokka (D:2)
  A ball python (D:1)
  4 giant cockroaches
  3 giant geckos
  A giant newt (D:2)
  8 goblins
  4 kobolds
  3 rats
55 creatures vanquished.

Notes
Turn   | Place    | Note
--------------------------------------------------------------
     0 | D:1      | Psiweapon, the Troll Monk, began the quest for the Orb.
     0 | D:1      | Reached XP level 1. HP: 20/20 MP: 0/0
   414 | D:2      | Reached XP level 2. HP: 28/28 MP: 0/0
  1066 | D:2      | Reached XP level 3. HP: 35/35 MP: 1/1
  1695 | D:3      | Reached XP level 4. HP: 34/44 MP: 1/1
  1727 | D:3      | Found a glowing golden altar of the Shining One.
  2307 | D:4      | Noticed an ogre
  2317 | D:4      | Mangled by an ogre

Action                   |  1- 3 |  4- 6 || total
-------------------------+-------+-------++-------
Melee: Unarmed           |   111 |    45 ||   156
  Use: Scroll            |     7 |       ||     7
 Stab: Sleeping          |     1 |       ||     1
       Distracted        |       |     1 ||     1
